 Dungeon Crawl Stone Soup version 0.26.1-11-gd32895ea62 (webtiles) character file.

Game seed: 16492572488832995804

2846 sankara the Quickloader (level 10, -7/63 HPs)
             Began as a Halfling Hunter on May 13, 2021.
             Was a Priest of Okawaru.
             Killed by divine providence
             ... invoked by an orc priest
              (13 damage)
             ... on level 7 of the Dungeon.
             The game lasted 00:18:16 (9200 turns).

sankara the Quickloader (Halfling Hunter)           Turns: 9200, Time: 00:18:17

Health: -7/63      AC:  8    Str: 14    XL:     10   Next: 4%
Magic:  12/12      EV: 14    Int:  9    God:    Okawaru [***...]
Gold:   373        SH:  0    Dex: 18    Spells: 9/9 levels left

rFire    . . .     SeeInvis .   a - +0 dagger (venom)
rCold    + + .     Faith    .   (shield restricted)
rNeg     . . .     Spirit   .   i - +1 ring mail {rC+}
rPois    .         Reflect  .   (no helmet)
rElec    .         Harm     .   z - scarf {repulsion}
rCorr    .         Rampage  .   E - +1 pair of gloves
Will     .....                  (no boots)
Stlth    +++.......             (no amulet)
HPRegen  0.20/turn              k - ring of protection from cold
MPRegen  0.13/turn              (no ring)

@: repel missiles
A: small, mutation resistance 1
a: Renounce Religion, Heroism


You were on level 7 of the Dungeon.
You worshipped Okawaru.
Okawaru was most pleased with you.
You visited 2 branches of the dungeon, and saw 8 of its levels.

You collected 373 gold pieces.

Inventory:

Hand Weapons
 a - a +0 dagger of venom (weapon)
 b - a +2 hand crossbow
 q - a +1 dagger of draining
 x - a +0 rapier
 C - a +3 dagger
 F - a cursed +3 dagger
 K - a +4 dagger
Missiles
 d - 73 bolts
 s - 179 stones (quivered)
 t - a throwing net
 u - 11 poisoned darts
Armour
 c - a +0 leather armour
 i - a +1 ring mail of cold resistance (worn)
 z - a scarf of repulsion (worn)
 A - the +3 leather armour "Feff" {Rampage rF+ Dex-3}
   (You found it on level 5 of the Dungeon)

   It affects your dexterity (-3).
   It protects you from fire.
   It bestows one free step when moving towards enemies.
 E - a +1 pair of gloves (worn)
 G - a +0 robe of cold resistance
 I - a +2 robe of willpower
Jewellery
 k - a ring of protection from cold (left hand)
Wands
 y - a wand of iceblast (19)
 B - a wand of flame (16)
Scrolls
 h - 5 scrolls of teleportation
 j - a scroll of fog
 m - 2 scrolls of enchant weapon
 p - 2 scrolls of enchant armour
 v - a scroll of remove curse
Potions
 e - 3 potions of attraction
 f - 3 potions of curing
 g - 2 potions of lignification
 l - a potion of berserk rage
 n - 2 potions of heal wounds {unknown}
 o - 2 potions of flight {unknown}
 r - 3 potions of haste {unknown}
 w - a potion of ambrosia {unknown}
 D - a potion of cancellation {unknown}
 J - a potion of mutation {unknown}


   Skills:
 - Level 3.0 Fighting
 * Level 8.9 Short Blades
 * Level 9.4 Crossbows
 - Level 3.0 Armour
 - Level 2.1 Dodging
 + Level 6.3 Stealth
 + Level 3.6 Invocations


You had 9 spell levels left.
You didn't know any spells.
Your spell library contained the following spells:

 Spells                   Type           Power        Failure   Level
 Magic Dart               Conj           0%           63%         1
 Searing Ray              Conj           0%           77%         2
 Dazzling Flash           Conj/Hex       0%           94%         3
 Fulminant Prism          Conj/Hex       0%           100%        4
 Iskenderun's Mystic Bla  Conj/Tloc      0%           100%        4


Dungeon Overview and Level Annotations

Branches:
Dungeon (7/15)             Temple (1/1) D:4

Altars:
Cheibriados
Dithmenos
Fedhas
Hepliaklqana
Kikubaaqudgha
Makhleb
Nemelex Xobeh
Okawaru
Uskayaw
Wu Jian
Yredelemnul


Innate Abilities, Weirdness & Mutations

You are small and have problems with some larger weapons.
You are somewhat resistant to further mutation.


Message History

The orc priest is lightly wounded.
The orc warrior hits you with a +0 trident!
You hit the orc.
The orc is lightly wounded.
The orc priest completely misses you. The orc closely misses you.
You closely miss the orc.
The orc is lightly wounded.
The orc warrior closely misses you.
You hit the orc.
The orc is poisoned.
The orc is heavily wounded.
The orc priest completely misses you. The orc completely misses you.
You hit the orc warrior but do no damage.
The orc warrior looks as sick as possible!
The orc warrior is moderately wounded.
The orc warrior hits you with a +0 trident!
* * * LOW HITPOINT WARNING * * *
The orc misses you.
The orc priest mumbles some strange prayers to Beogh against you.
Beogh smites you!
You die...

#. .. ##. ### .. .. .##
.#####.####. ...
.......{...# . ...
......oo#..# .. ..
#.o@#..###.#
#..))......#
#.......##.# #
##......<##.###.#
................#.#####
####.#......#.#.#......
#.###............... #.
#.##............ #.
#.##..)..#####.#


You could see an orc warrior (extremely poisoned), an orc priest (extremely
poisoned) and an orc (very poisoned).

Vanquished Creatures
  Pikel (D:5)
  Grinder (D:6)
  Sigmund (D:6)
  Eustachio (D:4)
  Menkaure (D:4)
  2 ice beasts (D:5)
  5 ogres
  2 phantoms (D:4)
  2 centaurs
  A bullfrog (D:6)
  5 wights
  A howler monkey (D:5)
  2 orc priests (D:6)
  A centaur skeleton (D:5)
  2 hounds
  3 orc wizards
  2 worker ants
  2 hound skeletons
  4 gnolls
  9 adders
  2 white imps
  2 ufetubi
  3 oozes
  An adder zombie (D:5)
  An adder skeleton (D:4)
  3 worms
  4 dart slugs
  4 leopard geckos
  5 orcs
  4 ball pythons
  7 giant cockroaches
  7 goblins
  9 hobgoblins
  4 jackals (D:1)
  6 bats
  4 frilled lizards
  2 jackal skeletons (D:4)
  8 kobolds
  A leopard gecko skeleton (D:5)
  A quokka skeleton (D:5)
  5 rats
131 creatures vanquished.

Notes
Turn   | Place    | Note
-------+----------+-------------------------------------------
     0 | D:1      | sankara the Halfling Hunter began the quest for the Orb.
     0 | D:1      | Reached XP level 1. HP: 14/14 MP: 1/1
   107 | D:1      | Reached skill level 1 in Short Blades
   107 | D:1      | Reached XP level 2. HP: 14/19 MP: 2/2
   717 | D:1      | Reached XP level 3. HP: 22/24 MP: 3/3
  1115 | D:2      | Reached skill level 5 in Crossbows
  1287 | D:2      | Reached XP level 4. HP: 26/29 MP: 4/4
  2666 | D:2      | Reached XP level 5. HP: 21/34 MP: 5/5
  4210 | D:4      | Noticed Menkaure
  4215 | D:4      | Killed Menkaure
  4216 | D:4      | Reached skill level 6 in Crossbows
  4216 | D:4      | Reached XP level 6. HP: 39/39 MP: 6/6
  4363 | D:4      | Noticed Eustachio
  4379 | D:4      | Killed Eustachio
  4380 | D:4      | Reached XP level 7. HP: 31/45 MP: 7/7
  4402 | D:4      | Found a staircase to the Ecumenical Temple.
  4414 | Temple   | Entered the Ecumenical Temple
  4542 | Temple   | Became a worshipper of Warmaster Okawaru
  4622 | D:4      | Reached skill level 1 in Armour
  4642 | D:4      | Reached skill level 5 in Short Blades
  5771 | D:5      | Entered Level 5 of the Dungeon
  5771 | D:5      | Found a shadowy altar of Dithmenos.
  5777 | D:5      | Got an encrusted leather armour
  5805 | D:4      | Reached skill level 7 in Crossbows
  5805 | D:4      | Reached XP level 8. HP: 41/51 MP: 8/8
  5815 | D:4      | Identified the +3 leather armour "Feff" {Rampage rF+ Dex-3}
                  | (You found it on level 5 of the Dungeon)
  5936 | D:5      | Reached * piety under Okawaru
  7065 | D:5      | Reached skill level 5 in Stealth
  7065 | D:5      | Reached skill level 1 in Invocations
  7066 | D:5      | Reached skill level 8 in Crossbows
  7066 | D:5      | Reached XP level 9. HP: 10/50 MP: 9/9
  7377 | D:6      | Noticed Pikel
  7405 | D:5      | Killed Pikel
  7405 | D:5      | Reached ** piety under Okawaru
  8154 | D:6      | Noticed Sigmund
  8168 | D:6      | Killed Sigmund
  8169 | D:6      | Reached skill level 9 in Crossbows
  8533 | D:6      | Noticed Grinder
  8707 | D:6      | Paralysed by Grinder for 7 turns
  8708 | D:6      | Killed Grinder
  9029 | D:7      | Reached *** piety under Okawaru
  9082 | D:7      | Reached XP level 10. HP: 45/63 MP: 12/12
  9200 | D:7      | Killed from afar by an orc priest

Illustrated notes

Levels and vault maps discovered:
D:1:      minmay_arrival_split_and_join, layout_basic
D:2:      minmay_razor_zed, layout_loops_ring
D:3:      layout_basic
D:4:      layout_gridville, minmay_temple_entry_mini_moons, uniq_eustachio,
          uniq_menkaure
D:5:      layout_basic, nicolae_dithmenos_the_darkroom
D:6:      layout_cave_pods, dk_noncrumbling_2, corexii_hall_statues_i,
          uniq_sigmund, uniq_grinder, uniq_pikel
D:7:      layout_loops_ring, kennysheep_little_box, grunt_temple_overflow_open,
          kennysheep_diamond, kennysheep_flooded_box, uniq_joseph
Temple:   eino_wide_crystal_templ

Skill      XL: |  1  2  3  4  5  6  7  8  9 |
---------------+----------------------------+-----
Short Blades   | 1 2 3 4 5 6 8 |  8.9
Stealth        | 2 3 4 5 6 |  6.3
Crossbows      | 5 6 7 8 9 |  9.4
Fighting       | 2 3 |  3.0
Armour         | 1 3 |  3.0
Invocations    | 1 3 |  3.6
Dodging        | |  2.1

Action                   |  1- 3 |  4- 6 |  7- 9 | 10-12 || total
-------------------------+-------+-------+-------+-------++-------
Melee: Short sword       |   106 |   162 |       |       ||   268
       Dagger            |       |    38 |   379 |    24 ||   441
 Fire: Hand crossbow     |     5 |    26 |    66 |       ||    97
  Use: Scroll            |       |       |    12 |       ||    12
 Stab: Sleeping          |       |     3 |     9 |       ||    12
       Distracted        |       |       |     1 |       ||     1
Armor: Leather armour    |    11 |       |       |       ||    11
       Ring mail         |    10 |    50 |    94 |     3 ||   157
Dodge: Dodged            |    89 |   142 |   196 |    16 ||   443
       Repelled          |       |       |     7 |       ||     7
